cohdb
Replays
Latest Replays
All Replays
Popular Replays
Top Player Replays
Match Explorer
How It Works
Community
CoH3 Stats
Reddit
Sign in to upload your games and track your stats! →
Sign in with Steam
Match 28332060
Unlisted
Match 28332060
Overview
Messages
Build Orders
End
Construct Barracks
Riflemen Squad
Selects Armored Battlegroup
Selects Veteran Crews
Riflemen Squad
Riflemen Squad
Riflemen Squad
Infantry Support Center
Construct Motor Pool
M8 Greyhound Armored Car
Selects Fast Deploy
Engineer Squad
Construct Medical Station
Grenade Package
M1 Anti-tank Gun Team
Memphis
HulkSMASH
0
0
Comments
sign in to comment!
No comments posted yet!